 Seeded DCSS version 0.30.1-6-gbe392663c4 (webtiles) character file.

Game seed: 1416809328348268147 (custom seed)

373 Psyclone the Thaumaturge (level 6, 44/44 HPs)
             Began as a Deep Elf Ice Elementalist on Sept 20, 2023.
             Was an Initiate of Gozag.
             Quit the game on level 3 of the Dungeon.
             The game lasted 00:12:09 (2280 turns).

Psyclone the Thaumaturge (DEIE)                     Turns: 2280, Time: 00:12:09

Health: 44/44      AC:  2    Str:  5    XL:     6   Next: 43%
Magic:  19/19      EV: 15    Int: 28    God:    Gozag
Gold:   55         SH:  0    Dex: 15    Spells: 14/21 levels left

rFire   + . .        g - +0 dagger
rCold   + . .        (no shield)
rNeg    . . .        a - +0 robe
rPois   .            (no helmet)
rElec   .            l - scarf {rC+ rF+}
rCorr   .            (no gloves)
SInv    .            (no boots)
Will    .....        (no amulet)
Stlth   ++           d - +6 ring of intelligence
HPRegen 0.27/turn    (no ring)
MPRegen 0.16/turn

%: no passive effects
@: no status effects
A: no striking features
a: Renounce Religion, Potion Petition, Call Merchant, Bribe Branch


You were on level 3 of the Dungeon.
You worshipped Gozag.
Gozag was noncommittal.
You visited 1 branch of the dungeon, and saw 6 of its levels.

You collected 245 gold pieces.
You spent 81 gold pieces at shops.
You paid 109 gold pieces to Gozag.

Inventory:

Hand Weapons
 g - a +0 dagger (weapon)
Missiles
 e - 2 poisoned darts
 j - a throwing net {!f}
Armour
 a - a +0 robe (worn)
 l - a scarf of resistance (worn)
Jewellery
 d - a +6 ring of intelligence (left hand)
Scrolls
 c - 7 scrolls of identify {@r1}
 h - a scroll of enchant armour {unknown}
 k - 3 scrolls of teleportation
 m - 2 scrolls of magic mapping
 n - a scroll of butterflies {unknown}
Potions
 b - 2 potions of magic
 f - a potion of lignification {unknown}
 i - a potion of haste {unknown}
 o - a potion of curing {unknown}


   Skills:
 + Level 7.0 Fighting
 + Level 7.6 Dodging
 - Level 2.4 Stealth
 + Level 8.4 Spellcasting
 + Level 7.2 Ice Magic


You had 14 spell levels left.
You knew the following spells:

 Your Spells              Type           Power      Damage    Failure   Level
a - Freeze                Ice            100%       1d10      1%          1
b - Frozen Ramparts       Ice            100%       1d16      1%          3
c - Ozocubu's Armour      Ice            51%        N/A       1%          3

Your spell library contained the following spells:

 Spells                   Type           Power      Damage    Failure   Level
 Summon Ice Beast         Ice/Summ       32%        N/A       11%         4


Dungeon Overview and Level Annotations

Branches:
Dungeon (6/15) Zot: 25708
 Temple: D:4-7

Altars:
Gozag
Nemelex Xobeh

Shops:
D:2 *


Message History

Aim: a bat You freeze the bat!
You kill the bat!
You now have 18/19 mp.
You now have 130 gold pieces (gained 7).
A quokka comes into view.
MP restored: 19 The helpless quokka fails to defend itself.
You puncture the quokka!
You kill the quokka!
You now have 136 gold pieces (gained 6).
You see here a scarf of resistance.
l - a scarf of resistance
Okay, then.
You start putting on your armour.
You continue putting on your scarf of resistance. x4
You finish putting on your scarf of resistance.
You feel resistant to extremes of temperature.
Done exploring.
Okay, then.
You see here 4 stones.
As you read the scroll labelled INKEOXKO LUJOI, it crumbles to dust.
It is a scroll of identify.
k - 3 scrolls of teleportation
There is an entrance to Mockeeb's Assorted Antiques here.
m - a scroll labelled HEIS VECWECUTE;
n - a scroll labelled XYCWENOHEU
m - 2 scrolls labelled HEIS VECWECUTE (gained 1)
o - a smoky purple potion Thank you for shopping at Mockeeb's Assorted Antiques!
As you read the scroll of identify {@r1}, it crumbles to dust.
m - 2 scrolls of magic mapping
Okay, then.
Unknown command.
Search for what [? for help]? shop
(D) Dungeon
Where to? (Enter - D:2 @ (x,y), ? - help)
There is a stone staircase leading down here.
You climb downwards.
There is a stone staircase leading up here.
Are you sure you want to abandon this character and quit the game? (Confirm with "yes".)

... ..# #.# #.# #.#
####.### ##$ #......#
###.. #.....@# ..#..
#......# #.#.####
#>.....# .......#
#......# .......#
###.####
.......######.#####
..!....##.........#
.......##.........##
.......##.............


There were no monsters in sight!

Vanquished Creatures
  A howler monkey (D:4)
  2 hounds
  An iguana (D:4)
  3 adders
  3 gnolls (D:5)
  An ufetubus (D:6)
  A worm (D:2)
  2 dart slugs (D:2)
  An orc (D:4)
  A ball python (D:1)
  A bat (D:2)
  4 endoplasms
  A giant cockroach (D:1)
  3 goblins (D:2)
  3 hobgoblins (D:1)
  3 jackals (D:1)
  3 kobolds
  A quokka (D:2)
  2 frilled lizards (D:2)
  A rat (D:1)
38 creatures vanquished.

Notes
Turn   | Place    | Note
-------+----------+-------------------------------------------
     0 | D:1      | Psyclone the Deep Elf Ice Elementalist began the quest for
                  | the Orb.
     0 | D:1      | Reached XP level 1. HP: 10/10 MP: 6/6
     0 | D:1      | Noticed a minotaur
     0 | D:1      | Noticed a gargoyle
     3 | D:1      | Noticed an elf
     5 | D:1      | Noticed a dwarf
     7 | D:1      | Noticed a dwarf
     8 | D:1      | Noticed a vine stalker
    10 | D:1      | Noticed an octopode
    10 | D:1      | Noticed an elf
    12 | D:1      | Noticed an octopode
    13 | D:1      | Noticed a demigod
    14 | D:1      | Noticed a gargoyle
    17 | D:1      | Noticed a demonspawn
    19 | D:1      | Noticed a vampire
    19 | D:1      | Noticed an octopode
   294 | D:2      | Reached XP level 2. HP: 15/15 MP: 1/8
   315 | D:1      | Reached skill level 5 in Ice Magic
   725 | D:4      | Reached XP level 3. HP: 19/19 MP: 5/9
   764 | D:4      | Learned a level 3 spell: Frozen Ramparts
   768 | D:4      | Learned a level 3 spell: Ozocubu's Armour
   828 | D:5      | Entered Level 5 of the Dungeon
   846 | D:5      | Reached XP level 4. HP: 21/24 MP: 0/10
  1010 | D:6      | Reached XP level 5. HP: 20/28 MP: 3/11
  1073 | D:6      | Reached skill level 8 in Spellcasting
  1073 | D:6      | Reached XP level 6. HP: 44/44 MP: 12/19
  1121 | D:6      | Found an opulent altar of Gozag.
  1184 | D:6      | Became a worshipper of Gozag Ym Sagoz the Greedy
  1975 | D:2      | Found Mockeeb's Assorted Antiques.
  2040 | D:2      | Found a sparkling altar of Nemelex Xobeh.
  2263 | D:2      | Bought a scroll labelled HEIS VECWECUTE for 21 gold pieces
  2263 | D:2      | Bought a scroll labelled XYCWENOHEU for 21 gold pieces
  2263 | D:2      | Bought a scroll labelled HEIS VECWECUTE for 21 gold pieces
  2263 | D:2      | Bought a smoky purple potion for 18 gold pieces
  2280 | D:3      | Quit the game

Illustrated notes

Levels and vault maps discovered:
D:1:      shiori_arrival_whats_in_store_for_you, layout_basic
D:2:      layout_rooms, serial_shops, shop, basic_altar
D:3:      layout_rooms, lemuel_tele_altar, nicolae_overflow_hallway_of_the_gods,
          chequers_serial_rivers_small_3
D:4:      layout_cave_pods, serial_shops, kennysheep_mini, uniq_duvessa
D:5:      layout_basic
D:6:      layout_layer_cave, grunt_gozag_statues

Skill      XL: |  1  2  3  4  5 |
---------------+----------------+-----
Ice Magic      | 5 6 7 |  7.2
Fighting       | 7 |  7.0
Dodging        | 7 |  7.6
Spellcasting   | 8 |  8.4
Stealth        | |  2.4

Action                     |  1- 3 |  4- 6 || total
---------------------------+-------+-------++-------
  Melee: Unarmed           |     1 |       ||     1
         Dagger            |     2 |    12 ||    14
   Cast: Freeze            |    27 |    19 ||    46
         Frozen Ramparts   |     2 |     5 ||     7
         Ozocubu's Armour  |     1 |     3 ||     4
    Use: Potion            |       |     1 ||     1
         Scroll            |       |     2 ||     2
   Stab: Sleeping          |     1 |     1 ||     2
 Armour: Robe              |     4 |     7 ||    11
  Dodge: Dodged            |    13 |    34 ||    47
